 Dungeon Crawl Stone Soup version 0.30-a0-964-gd452b5e7fa (webtiles) character file.

Game seed: 1184730479327010214

58 vishdafish the Conjurer (level 3, -1/24 HPs)
             Began as a Demonspawn Conjurer on Mar 30, 2023.
             Slain by an orc
             ... wielding a +0 short sword
              (4 damage)
             ... on level 3 of the Dungeon.
             The game lasted 00:01:43 (1806 turns).

vishdafish the Conjurer (Demonspawn Conjurer)       Turns: 1806, Time: 00:01:43

Health: -1/24      AC:  2    Str: 10    XL:     3   Next: 75%
Magic:  5/7        EV: 12    Int: 24    God:
Gold:   71         SH:  0    Dex:  9    Spells: 7/8 levels left

rFire   . . .      SeeInvis .    f - +0 spear
rCold   . . .      Faith    .    (no shield)
rNeg    . . .      Spirit   .    a - +0 robe
rPois   .          Reflect  .    (no helmet)
rElec   .          Rampage  .    (no cloak)
rCorr   +                        (no gloves)
Will    .....                    (no boots)
Stlth   ++                       (no amulet)
HPRegen 0.24/turn                d - ring of resist corrosion
MPRegen 0.10/turn                l - +4 ring of slaying

@: no status effects
A: weakness stinger 2, clever 1, strong 1
a: no special abilities


You were on level 3 of the Dungeon.
You visited 1 branch of the dungeon, and saw 3 of its levels.

You collected 71 gold pieces.

Inventory:

Hand Weapons
 f - a +0 spear (weapon)
Missiles
 g - a throwing net
Armour
 a - a +0 robe (worn)
Jewellery
 d - a ring of resist corrosion (left hand)
 h - a ring of flight
 l - a +4 ring of slaying (right hand)
Scrolls
 e - a scroll of teleportation {unknown}
 j - 2 scrolls of identify {unknown}
 n - 2 scrolls of blinking {unknown}
Potions
 i - a potion of attraction {unknown}
 k - a potion of curing {unknown}
 m - a potion of mutation
 o - a potion of lignification {unknown}


   Skills:
 - Level 1.7 Dodging
 - Level 1.7 Stealth
 + Level 3.0 Spellcasting
 + Level 4.8 Conjurations


You had 7 spell levels left.
You knew the following spells:

 Your Spells              Type           Power      Damage    Failure   Level
a - Magic Dart            Conj           100%       1d8       1%          1

Your spell library contained the following spells:

 Spells                   Type           Power      Damage    Failure   Level
 Searing Ray              Conj           52%        2d6       2%          2
 Dazzling Flash           Conj/Hex       30%        N/A       12%         3
 Fulminant Prism          Conj/Hex       7%         3d7       36%         4
 Iskenderun's Mystic Bla  Conj/Tloc      15%        2d5       36%         4
 Passage of Golubria      Tloc           3%         N/A       71%         4
 Silence                  Hex/Air        1%         N/A       96%         5
 Borgnjor's Revivificati  Necr           1%         N/A       100%        8
 Lehudib's Crystal Spear  Conj/Erth      7%         10d3      100%        8
 Necromutation            Tmut/Necr      1%         N/A       100%        8
 Death's Door             Necr           1%         N/A       100%        9


Dungeon Overview and Level Annotations

Branches:
Dungeon (3/15)

Altars:
Kikubaaqudgha


Innate Abilities, Weirdness & Mutations

You have a tail ending in a sharp stinger.
Your mind is acute. (Int +4, Str/Dex -1)
Your muscles are strong. (Str +4, Int/Dex -1)


Message History

You kill the orc!
The magic dart hits something.
The magic dart hits something.
The magic dart hits something but does no damage.
The magic dart hits something but does no damage.
Your magical contamination has completely faded away.
You are out of magic!
You are out of magic!
Something completely misses you.
You hear some strange, mumbled words.
A puff of flame appears from out of thin air!
The puff of flame hits you!
You hear some strange, mumbled words.
You are confused.
It was a potion of mutation.
You feel extremely strange.
You feel stronger.
You feel clever.
It was a potion of cancellation.
Your magical effects are unravelling.
You feel magically purged.
You feel less confused. Magic courses through your body.
Aiming: Magic Dart (safe; 1% risk of failure)
Press: ? - help, Q - select action, (/) - cycle Shift-Dir - straight line, p - orc The magic dart hits something.
Something hits you. The orc hits you with a +0 short sword.
Aiming: Magic Dart (safe; 1% risk of failure)
Press: ? - help, Q - select action, (/) - cycle Shift-Dir - straight line, f - orc
Aim: an orc, wielding a +0 short sword and wearing a +0 chain mail (100% to hit)
The magic dart hits the orc but does no damage.
Something hits you but does no damage. The orc hits you with a +0 short sword.
* * * LOW HITPOINT WARNING * * *
Aiming: Magic Dart (safe; 1% risk of failure)
Press: ? - help, Q - select action, (/) - cycle Shift-Dir - straight line, p - orc The magic dart hits something.
You hear some strange, mumbled words.
A magic dart appears from out of thin air!
The magic dart hits you.
* * * LOW HITPOINT WARNING * * *
The orc hits you with a +0 short sword.
You die...

......###.........#
.# #
..........#.#.#...#
.#
.....####.......###
# ..........#.#.#.#
.
...####.......###.
###...........
#.........#### #.
#.........# ...
#.....@..†+ ....
#....o{...# .....
#.........#......
###..............
..........#.......
#.........#.......
#...).....#.......
...)......#.#.....
#....†...........>


You could see an orc.

Vanquished Creatures
  2 adders (D:2)
  A worm (D:3)
  3 dart slugs
  An orc (D:3)
  3 endoplasms
  A giant cockroach (D:1)
  3 goblins
  4 hobgoblins
  A ball python (D:1)
  4 bats
  A frilled lizard (D:2)
  2 kobolds
  3 rats
29 creatures vanquished.

Notes
Turn   | Place    | Note
-------+----------+-------------------------------------------
     0 | D:1      | vishdafish the Demonspawn Conjurer began the quest for the
                  | Orb.
     0 | D:1      | Reached XP level 1. HP: 13/13 MP: 3/3
   173 | D:1      | Gained mutation: You have a small tail. [demonic ancestry]
   173 | D:1      | Reached XP level 2. HP: 19/19 MP: 0/5
   424 | D:1      | Found a faded altar of an unknown god.
   434 | D:1      | You are sucked into a shaft and drop 1 floor!
   697 | D:1      | Gained mutation: You have a tail ending in a sharp stinger.
                  | [demonic ancestry]
   697 | D:1      | Reached XP level 3. HP: 24/24 MP: 2/7
  1254 | D:2      | Found an ancient bone altar of Kikubaaqudgha.
  1801 | D:3      | Gained mutation: Your muscles are strong. (Str +4, Int/Dex
                  | -1) [potion of mutation]
  1801 | D:3      | Gained mutation: Your mind is acute. (Int +4, Str/Dex -1)
                  | [potion of mutation]
  1806 | D:3      | Slain by an orc

Illustrated notes

Levels and vault maps discovered:
D:1:      lightli_arrival_windingriver, layout_loops_ring,
          hellmonk_ecumenical_altar_arch_garden, serial_forest,
          infiniplex_forest_lined_room_, infiniplex_forest_3_way,
          infiniplex_forest_end_1, infiniplex_forest_fountain,
          infiniplex_forest_lined_ring, infiniplex_forest_straight_4,
          infiniplex_forest_lined_room_, st_stairs_2
D:2:      layout_loops_ring, basic_altar
D:3:      layout_basic, serial_glass, glass_columns_c, glass_columns_b,
          feat_on_display, minmay_strange_pillars

Skill      XL: |  1  2  3 |
---------------+----------+-----
Spellcasting   | 3 |  3.0
Dodging        | |  1.7
Stealth        | |  1.7
Conjurations   | |  4.8

Action                     || total
---------------------------++-------
  Melee: Unarmed           ||     9
         Spear             ||    20
         Tailslap          ||     2
   Cast: Magic Dart        ||    52
    Use: Potion            ||     3
   Stab: Sleeping          ||     1
 Armour: Robe              ||     3
  Dodge: Dodged            ||    24

Table legend: (Time is in decaauts)
 A = Elapsed time spent in this place.
 B = Non-inter-level travel time spent in this place.
 C = Inter-level travel time spent in this place.
 D = Time resting spent in this place.
 E = Time spent auto-exploring this place.
 F = Levels seen in this place.
 G = Mean time per level.
                   A        B        C        D        E       F      G
               +--------+--------+--------+--------+--------+-----+--------+
         Total |   1807 |   1751 |     56 |      0 |   1581 |   3 |  602.3 |
       Dungeon |   1807 |   1751 |     56 |      0 |   1581 |   3 |  602.3 |
               +--------+--------+--------+--------+--------+-----+--------+

Top non-repeatable levels by time:
     D:1: 964 daAuts
     D:2: 726 daAuts
     D:3: 117 daAuts
